 Dungeon Crawl Stone Soup version 0.27-a0-1381-g81fdcbfb23 (webtiles) character file.

Game seed: 18261444819523157897

107 Froggeryz the Cutter (level 4, 0/31 HPs)
             Began as an Octopode Berserker on June 30, 2021.
             Was a Believer of Trog.
             Slain by a ball python (2 damage)
             ... on level 3 of the Dungeon.
             The game lasted 00:01:50 (2501 turns).

Froggeryz the Cutter (Octopode Berserker)           Turns: 2501, Time: 00:01:50

Health: 0/31       AC:  1    Str: 16    XL:     4   Next: 86%
Magic:  4/4        EV: 10    Int:  9    God:    Trog [**....]
Gold:   118        SH:  0    Dex: 12    Spells: 3/3 levels left

rFire    . . .     SeeInvis .   a - +0 short sword
rCold    . . .     Faith    .   (no shield)
rNeg     . . .     Spirit   .   (helmet restricted)
rPois    .         Reflect  .   (no amulet)
rElec    .         Harm     .   (no ring)
rCorr    .         Rampage  .   (no ring)
Will     .....                  (no ring)
Stlth    +++.......             (no ring)
HPRegen  0.10/turn              (no ring)
MPRegen  0.09/turn              (no ring)
                                (no ring)
                                (no ring)

@: constricted
A: almost no armour, amphibious, 8 rings, camouflage 1, gelatinous body 1,
(nimble swimmer 1), tentacles
a: Renounce Religion, Berserk, Trog's Hand


You were on level 3 of the Dungeon.
You worshipped Trog.
Trog was pleased with you.
You visited 1 branch of the dungeon, and saw 3 of its levels.

You collected 118 gold pieces.

Inventory:

Hand Weapons
 a - a +0 short sword (weapon)
Jewellery
 g - an amulet of reflection
 l - a ring of magical power
Wands
 o - a wand of paralysis (7)
 p - a wand of iceblast (4)
Scrolls
 b - a scroll of magic mapping {unknown}
 d - 2 scrolls of fear {unknown}
 f - a scroll of silence {unknown}
 h - a scroll of noise {unknown}
 j - 2 scrolls of teleportation {unknown}
 m - a scroll of amnesia {unknown}
Potions
 c - 3 potions of curing {unknown}
 e - 3 potions of heal wounds {unknown}
 i - 2 potions of brilliance {unknown}
 k - 2 potions of berserk rage {unknown}
 n - a potion of ambrosia {unknown}


   Skills:
 - Level 3.0 Fighting
 * Level 4.7 Short Blades
 - Level 3.0 Dodging
 + Level 3.3 Stealth


You had 3 spell levels left.
You didn't know any spells.
Your spell library was empty.

Dungeon Overview and Level Annotations

Branches:
Dungeon (3/15)

Altars:
Ru


Innate Abilities, Weirdness & Mutations

You cannot wear most types of armour.
You are amphibious.
You can wear up to eight rings at the same time.
Your skin changes colour to match your surroundings (Stealth+).
Your rubbery body absorbs attacks. (AC +1, EV +1)
((You are camouflaged near water. (Stealth+)))
You have tentacles for arms and can constrict up to eight enemies at once.


Message History

You are too injured to fight recklessly!
You barely miss the river rat. You grab the river rat.
You constrict the river rat. The river rat misses you.
You hit the river rat. Your squeeze misses the river rat.
The river rat is lightly wounded.
You constrict the river rat. The rat bites you.
The river rat closely misses you.
You hit the river rat.
The river rat is heavily wounded.
You constrict the river rat, but do no damage.
The rat closely misses you. The river rat misses you.
You barely miss the river rat.
The river rat is heavily wounded.
You constrict the river rat. The rat bites you but does no damage.
The river rat barely misses you.
You completely miss the river rat.
The river rat is severely wounded.
You constrict the river rat. The rat completely misses you.
You hit the river rat but do no damage.
The river rat is severely wounded.
You constrict the river rat. The river rat bites you!
* * * LOW HITPOINT WARNING * * *
The rat bites you but does no damage.
You completely miss the river rat.
The river rat is almost dead.
You constrict the river rat.
You kill the river rat!
Trog accepts your kill. The rat bites you.
* * * LOW HITPOINT WARNING * * *
You hit the rat.
You kill the rat!
Trog accepts your kill.
You closely miss the ball python. You grab the ball python.
You constrict the ball python. The ball python misses you.
The ball python grabs you. The ball python constricts you.
You completely miss the ball python.
The ball python is moderately wounded.
You constrict the ball python. The ball python bites you.
You die...

#.≈≈≈+ ##
#.≈.≈# .#
#.≈.≈+ .#
#...≈##### .#
#...≈≈≈≈≈# .#
#...≈≈.≈≈#
.##########
#...S†≈≈.#
......[...#
#...@)...#
.########.#
##.....### .#
#.# #.##### .#
#.# ##.# .# #.#
#..# .#
######.###.##
..>...........#
#########.#.###
#.#.#


You could see a ball python.

Vanquished Creatures
  Jessica (D:3)
  An adder (D:2)
  A river rat (D:3)
  A dart slug (D:1)
  7 bats
  4 endoplasms
  5 giant cockroaches
  8 goblins
  7 hobgoblins
  6 kobolds
  2 quokkas (D:1)
  4 ball pythons
  4 frilled lizards
  6 rats
57 creatures vanquished.

Notes
Turn   | Place    | Note
-------+----------+-------------------------------------------
     0 | D:1      | Froggeryz the Octopode Berserker began the quest for the
                  | Orb.
     0 | D:1      | Reached XP level 1. HP: 16/16 MP: 1/1
    45 | D:1      | Reached skill level 1 in Stealth
    47 | D:1      | Reached XP level 2. HP: 9/21 MP: 2/2
   543 | D:1      | Reached XP level 3. HP: 26/26 MP: 3/3
   560 | D:1      | Found a faded altar of an unknown god.
   667 | D:1      | You fall into a shaft and drop 1 floor!
   672 | D:2      | Reached ** piety under Trog
   923 | D:1      | Reached skill level 4 in Short Blades
  1645 | D:2      | Reached XP level 4. HP: 31/31 MP: 4/4
  2169 | D:3      | Found a sacrificial altar of Ru.
  2384 | D:3      | Noticed Jessica
  2392 | D:3      | Killed Jessica
  2501 | D:3      | Slain by a ball python

Illustrated notes

Levels and vault maps discovered:
D:1:      psy_arrival_heroes, layout_loops_ring, basic_ecumenical_altar,
          minmay_pentomino_u2
D:2:      layout_basic
D:3:      layout_basic, lemuel_round_altar, portal_sewer_entry_e, uniq_jessica

Skill      XL: |  1  2  3  4 |
---------------+-------------+-----
Stealth        | 1 2 3 |  3.3
Short Blades   | 4 |  4.7
Fighting       | |  3.0
Dodging        | |  3.0

Action                   |  1- 3 |  4- 6 || total
-------------------------+-------+-------++-------
Melee: Short sword       |    80 |    31 ||   111
       Constrict         |    23 |     8 ||    31
       Tentacles         |    13 |     6 ||    19
 Stab: Sleeping          |     7 |     2 ||     9
Armor: Skin              |     5 |     3 ||     8
Dodge: Dodged            |    41 |    20 ||    61

Table legend: (Time is in decaauts)
 A = Elapsed time spent in this place.
 B = Non-inter-level travel time spent in this place.
 C = Inter-level travel time spent in this place.
 D = Time resting spent in this place.
 E = Time spent auto-exploring this place.
 F = Levels seen in this place.
 G = Mean time per level.
                   A        B        C        D        E       F      G
               +--------+--------+--------+--------+--------+-----+--------+
         Total |   2490 |   2383 |    107 |    160 |   1853 |   3 |  830.0 |
       Dungeon |   2490 |   2383 |    107 |    160 |   1853 |   3 |  830.0 |
               +--------+--------+--------+--------+--------+-----+--------+

Top non-repeatable levels by time:
     D:1: 1080 daAuts
     D:2: 1071 daAuts
     D:3: 339 daAuts
